3002 views
Uploaded 2020-01-22 00:39:49
Game version 1.32.0.6
17:06 long 4on4 ladder game on (8)MarketSquare
Saved by ChuckleMan
3002 views
Uploaded 2020-01-22 00:39:49
Game version 1.32.0.6
17:06 long 4on4 ladder game on (8)MarketSquare

163 units @ 21.6k
/ 1.6k
180 buildings @ 13.6k
/ 6.4k

| Lesser Clarity Potion | 1 | 70 |
| Ivory Tower | 2 | 80 |
| Boots of Speed | 1 | 250 |
| Staff of Teleportation | 1 | 150 |
| Potion of Invisibility | 1 | 100 |
| total: | 6 | 650g |
| Peasant | 45 | 3375 | / | 0 |
| total: | 45 | 3375g | / | 0w |
| Scout Tower | 99 | 2970 | / | 1980 |
| Arcane Tower | 2 | 140 | / | 100 |
| Guard Tower | 32 | 2240 | / | 1600 |
| Altar of Kings | 1 | 180 | / | 50 |
| Farm | 5 | 400 | / | 100 |
| Lumber Mill | 7 | 840 | / | 0 |
| Town Hall | 4 | 1540 | / | 820 |
| Arcane Sanctum | 1 | 150 | / | 140 |
| Keep | 1 | 320 | / | 210 |
| Castle | 1 | 360 | / | 210 |
| total: | 117 | 6080g | / | 3090w |
| 0:02 | Peasant |
| 0:02 | Peasant |
| 0:11 | Altar of Kings |
| 0:15 | Peasant |
| 0:36 | Farm |
| 0:39 | Peasant |
| 0:57 | Peasant |
| 1:04 | Lumber Mill |
| 1:14 | Scout Tower |
| 1:16 | Peasant |
| 1:24 | Peasant |
| 1:35 | Scout Tower |
| 1:37 | Peasant |
| 1:41 | Farm |
| 1:43 | Peasant |
| 1:50 | Scout Tower |
| 1:56 | Peasant |
| 1:59 | Scout Tower |
| 2:00 | Arcane Tower |
| 2:09 | Peasant |
| 2:14 | Scout Tower |
| 2:24 | Pocket Factory |
| 2:27 | Guard Tower |
| 2:29 | Peasant |
| 2:34 | Farm |
| 2:42 | Arcane Tower |
| 2:46 | Peasant |
| 2:46 | Peasant |
| 2:59 | Guard Tower |
| 3:00 | Peasant |
| 3:00 | Peasant |
| 3:09 | Scout Tower |
| 3:28 | Scout Tower |
| 3:58 | Engineering Upgrade |
| 4:06 | Town Hall |
| 4:08 | Peasant |
| 4:16 | Scout Tower |
| 4:17 | Scout Tower |
| 4:18 | Guard Tower |
| 4:26 | Peasant |
| 4:31 | Scout Tower |
| 4:47 | Peasant |
| 5:00 | Guard Tower |
| 5:08 | Guard Tower |
| 5:27 | Peasant |
| 5:30 | Peasant |
| 5:46 | Keep |
| 5:48 | Scout Tower |
| 5:49 | Scout Tower |
| 5:53 | Scout Tower |
| 5:54 | Scout Tower |
| 6:30 | Guard Tower |
| 6:35 | Scout Tower |
| 6:35 | Scout Tower |
| 6:36 | Scout Tower |
| 6:58 | Guard Tower |
| 7:10 | Scout Tower |
| 7:10 | Scout Tower |
| 7:11 | Scout Tower |
| 7:12 | Scout Tower |
| 7:12 | Scout Tower |
| 7:34 | Guard Tower |
| 7:37 | Scout Tower |
| 7:37 | Scout Tower |
| 7:37 | Scout Tower |
| 7:49 | Scout Tower |
| 7:50 | Scout Tower |
| 7:50 | Scout Tower |
| 8:16 | Pocket Factory |
| 8:19 | Guard Tower |
| 8:22 | Peasant |
| 8:22 | Peasant |
| 8:23 | Peasant |
| 8:24 | Peasant |
| 8:24 | Peasant |
| 8:24 | Peasant |
| 8:29 | Improved Masonry |
| 8:29 | Improved Lumber Harvesting |
| 8:46 | Guard Tower |
| 8:48 | Scout Tower |
| 8:49 | Scout Tower |
| 8:50 | Scout Tower |
| 8:50 | Scout Tower |
| 8:51 | Scout Tower |
| 9:05 | Scout Tower |
| 9:06 | Scout Tower |
| 9:06 | Scout Tower |
| 9:06 | Scout Tower |
| 9:23 | Engineering Upgrade |
| 9:33 | Guard Tower |
| 9:37 | Peasant |
| 9:37 | Peasant |
| 9:38 | Peasant |
| 9:39 | Peasant |
| 9:40 | Peasant |
| 9:41 | Peasant |
| 9:42 | Farm |
| 9:43 | Farm |
| 9:48 | Guard Tower |
| 10:06 | Guard Tower |
| 10:10 | Lumber Mill |
| 10:31 | Guard Tower |
| 10:34 | Guard Tower |
| 10:39 | Scout Tower |
| 10:40 | Scout Tower |
| 10:40 | Scout Tower |
| 10:41 | Scout Tower |
| 10:45 | Scout Tower |
| 10:46 | Scout Tower |
| 10:48 | Scout Tower |
| 10:49 | Scout Tower |
| 10:51 | Lesser Clarity Potion |
| 10:53 | Ivory Tower |
| 10:53 | Ivory Tower |
| 11:09 | Peasant |
| 11:09 | Peasant |
| 11:09 | Peasant |
| 11:09 | Peasant |
| 11:11 | Castle |
| 11:12 | Peasant |
| 11:12 | Peasant |
| 11:12 | Peasant |
| 11:13 | Peasant |
| 11:21 | Boots of Speed |
| 11:22 | Staff of Teleportation |
| 11:23 | Potion of Invisibility |
| 11:30 | Scout Tower |
| 11:31 | Scout Tower |
| 11:31 | Scout Tower |
| 11:32 | Scout Tower |
| 11:36 | Scout Tower |
| 11:36 | Scout Tower |
| 11:37 | Scout Tower |
| 11:37 | Scout Tower |
| 11:42 | Town Hall |
| 11:48 | Guard Tower |
| 12:14 | Guard Tower |
| 12:15 | Guard Tower |
| 12:19 | Guard Tower |
| 12:22 | Scout Tower |
| 12:22 | Scout Tower |
| 12:23 | Scout Tower |
| 12:23 | Scout Tower |
| 12:37 | Advanced Masonry |
| 12:38 | Arcane Sanctum |
| 12:47 | Guard Tower |
| 12:55 | Peasant |
| 12:56 | Peasant |
| 12:58 | Lumber Mill |
| 13:04 | Scout Tower |
| 13:04 | Scout Tower |
| 13:06 | Scout Tower |
| 13:07 | Scout Tower |
| 13:08 | Scout Tower |
| 13:12 | Lumber Mill |
| 13:14 | Lumber Mill |
| 13:20 | Lumber Mill |
| 13:24 | Scout Tower |
| 13:27 | Scout Tower |
| 13:28 | Scout Tower |
| 13:30 | Scout Tower |
| 13:31 | Scout Tower |
| 13:32 | Scout Tower |
| 13:34 | Guard Tower |
| 13:38 | Advanced Lumber Harvesting |
| 13:43 | Guard Tower |
| 13:50 | Scout Tower |
| 13:51 | Scout Tower |
| 13:51 | Scout Tower |
| 13:52 | Scout Tower |
| 13:54 | Guard Tower |
| 13:57 | Scout Tower |
| 13:57 | Scout Tower |
| 13:58 | Scout Tower |
| 13:58 | Scout Tower |
| 14:00 | Scout Tower |
| 14:01 | Scout Tower |
| 14:01 | Scout Tower |
| 14:02 | Scout Tower |
| 14:06 | Lumber Mill |
| 14:10 | Guard Tower |
| 14:12 | Peasant |
| 14:12 | Peasant |
| 14:23 | Imbued Masonry |
| 14:38 | Guard Tower |
| 14:41 | Scout Tower |
| 14:41 | Scout Tower |
| 14:42 | Scout Tower |
| 14:48 | Guard Tower |
| 14:49 | Scout Tower |
| 14:50 | Scout Tower |
| 14:50 | Scout Tower |
| 14:51 | Scout Tower |
| 15:07 | Scout Tower |
| 15:07 | Scout Tower |
| 15:07 | Scout Tower |
| 15:08 | Scout Tower |
| 15:08 | Scout Tower |
| 15:10 | Scout Tower |
| 15:11 | Magic Sentry |
| 15:18 | Guard Tower |
| 15:37 | Guard Tower |
| 15:39 | Scout Tower |
| 15:40 | Scout Tower |
| 15:41 | Scout Tower |
| 15:42 | Scout Tower |
| 15:45 | Scout Tower |
| 15:46 | Scout Tower |
| 15:52 | Guard Tower |
| 16:10 | Pocket Factory |
| 16:31 | Guard Tower |
| 16:36 | Guard Tower |
| 16:39 | Town Hall |
| 16:42 | Town Hall |
| 16:44 | Guard Tower |
| Right click | 544 |
| Select | 215 |
| Select group | 207 |
| Build/train/purchase | 121 |
| Assign group | 21 |
| Use ability | 21 |
| Misc. action | 15 |
| Minimap ping | 9 |
| Esc | 6 |

| Scroll of Regeneration | 2 | 200 |
| Lesser Clarity Potion | 1 | 70 |
| Potion of Healing | 1 | 150 |
| Potion of Mana | 1 | 200 |
| Scroll of Town Portal | 1 | 350 |
| Scroll of Healing | 1 | 250 |
| Boots of Speed | 1 | 250 |
| Potion of Lesser Invulnerability | 1 | 150 |
| total: | 9 | 1620g |
| Peasant | 17 | 1275 | / | 0 |
| Rifleman | 17 | 3485 | / | 510 |
| Dragonhawk Rider | 5 | 1000 | / | 150 |
| total: | 39 | 5760g | / | 660w |
| Scout Tower | 3 | 90 | / | 60 |
| Guard Tower | 3 | 210 | / | 150 |
| Altar of Kings | 1 | 180 | / | 50 |
| Blacksmith | 1 | 140 | / | 60 |
| Barracks | 1 | 160 | / | 60 |
| Farm | 13 | 1040 | / | 260 |
| Arcane Vault | 1 | 130 | / | 30 |
| Town Hall | 1 | 385 | / | 205 |
| Lumber Mill | 1 | 120 | / | 0 |
| Gryphon Aviary | 6 | 840 | / | 900 |
| Keep | 1 | 320 | / | 210 |
| Castle | 1 | 360 | / | 210 |
| total: | 28 | 3085g | / | 1625w |
| 0:08 | Peasant |
| 0:08 | Peasant |
| 0:08 | Peasant |
| 0:09 | Peasant |
| 0:09 | Peasant |
| 0:09 | Peasant |
| 1:01 | Altar of Kings |
| 1:11 | Blacksmith |
| 1:20 | Barracks |
| 1:27 | Farm |
| 1:31 | Peasant |
| 1:31 | Peasant |
| 1:37 | Farm |
| 2:27 | Pocket Factory |
| 2:28 | Rifleman |
| 2:30 | Farm |
| 2:37 | Farm |
| 2:44 | Rifleman |
| 2:54 | Arcane Vault |
| 3:09 | Rifleman |
| 3:12 | Peasant |
| 3:12 | Peasant |
| 3:32 | Rifleman |
| 3:40 | Peasant |
| 3:47 | Scout Tower |
| 3:48 | Scout Tower |
| 3:49 | Scout Tower |
| 4:10 | Rifleman |
| 4:14 | Engineering Upgrade |
| 4:35 | Keep |
| 5:28 | Town Hall |
| 6:25 | Pocket Factory |
| 6:30 | Rifleman |
| 6:30 | Rifleman |
| 6:34 | Peasant |
| 6:35 | Peasant |
| 6:35 | Peasant |
| 6:35 | Peasant |
| 7:20 | Lumber Mill |
| 7:23 | Farm |
| 7:23 | Farm |
| 7:40 | Peasant |
| 7:40 | Peasant |
| 7:58 | Long Rifles |
| 8:00 | Improved Lumber Harvesting |
| 8:15 | Rifleman |
| 8:15 | Rifleman |
| 8:38 | Rifleman |
| 8:46 | Engineering Upgrade |
| 9:29 | Rifleman |
| 9:32 | Scroll of Regeneration |
| 9:32 | Lesser Clarity Potion |
| 9:34 | Scroll of Town Portal |
| 9:35 | Potion of Healing |
| 9:35 | Potion of Mana |
| 9:38 | Scroll of Regeneration |
| 9:40 | Black Gunpowder |
| 9:41 | Guard Tower |
| 9:42 | Guard Tower |
| 9:43 | Castle |
| 9:44 | Improved Masonry |
| 9:47 | Farm |
| 9:47 | Farm |
| 9:48 | Farm |
| 9:53 | Rifleman |
| 9:53 | Rifleman |
| 10:32 | Boots of Speed |
| 10:49 | Gryphon Aviary |
| 10:50 | Gryphon Aviary |
| 10:50 | Gryphon Aviary |
| 10:51 | Gryphon Aviary |
| 11:45 | Rifleman |
| 11:45 | Rifleman |
| 12:14 | Animal War Training |
| 13:12 | Rifleman |
| 13:12 | Rifleman |
| 13:15 | Scroll of Healing |
| 13:16 | Potion of Lesser Invulnerability |
| 13:27 | Cloud |
| 13:27 | Storm Hammers |
| 13:29 | Advanced Masonry |
| 13:41 | Pocket Factory |
| 14:06 | Gryphon Aviary |
| 14:12 | Gryphon Aviary |
| 14:16 | Dragonhawk Rider |
| 14:16 | Dragonhawk Rider |
| 14:43 | Dragonhawk Rider |
| 15:51 | Dragonhawk Rider |
| 15:51 | Dragonhawk Rider |
| 15:57 | Robo-Goblin |
| 16:12 | Iron Forged Swords |
| 16:12 | Studded Leather Armor |
| 16:13 | Advanced Lumber Harvesting |
| 16:29 | Farm |
| 16:30 | Farm |
| 16:30 | Farm |
| 16:31 | Farm |
| Right click | 730 |
| Select | 247 |
| Select group | 208 |
| Build/train/purchase | 90 |
| Misc. action | 50 |
| Assign group | 27 |
| Chat | 27 |
| Use ability | 23 |
| Minimap ping | 6 |
| Esc | 3 |
| Item give/drop | 1 |


| Peon | 6 | 450 | / | 0 |
| Grunt | 26 | 5200 | / | 0 |
| Troll Headhunter | 4 | 560 | / | 80 |
| total: | 36 | 6210g | / | 80w |
| Orc Burrow | 5 | 800 | / | 200 |
| Altar of Storms | 1 | 180 | / | 50 |
| Barracks | 2 | 360 | / | 100 |
| War Mill | 1 | 205 | / | 0 |
| Tauren Totem | 1 | 135 | / | 155 |
| Stronghold | 1 | 315 | / | 190 |
| Fortress | 1 | 325 | / | 190 |
| total: | 10 | 1680g | / | 505w |
| 0:10 | Orc Burrow |
| 0:13 | Peon |
| 0:13 | Peon |
| 0:14 | Peon |
| 0:22 | Altar of Storms |
| 1:11 | Barracks |
| 1:25 | Peon |
| 1:26 | Peon |
| 1:26 | Peon |
| 2:09 | Orc Burrow |
| 2:24 | Orc Burrow |
| 2:34 | Grunt |
| 2:35 | Grunt |
| 3:43 | Orc Burrow |
| 3:53 | Feral Spirit |
| 4:26 | Grunt |
| 4:26 | Grunt |
| 4:27 | Grunt |
| 4:28 | Grunt |
| 5:42 | Stronghold |
| 5:45 | Grunt |
| 5:46 | Grunt |
| 6:46 | Chain Lighting |
| 6:56 | Grunt |
| 6:57 | Grunt |
| 7:12 | War Mill |
| 7:34 | Grunt |
| 10:04 | Troll Headhunter |
| 10:05 | Troll Headhunter |
| 10:05 | Troll Headhunter |
| 10:05 | Troll Headhunter |
| 10:13 | Steel Melee Weapons |
| 10:16 | Steel Armor |
| 10:23 | Berserker Strength |
| 10:42 | War Stomp |
| 11:05 | Grunt |
| 11:06 | Grunt |
| 11:06 | Grunt |
| 11:06 | Grunt |
| 11:21 | Thorium Melee Weapons |
| 12:42 | Feral Spirit |
| 14:48 | Grunt |
| 14:48 | Grunt |
| 14:48 | Grunt |
| 14:49 | Grunt |
| 14:49 | Grunt |
| 14:49 | Grunt |
| 14:49 | Grunt |
| 14:49 | Grunt |
| 14:52 | Thorium Armor |
| 14:54 | Fortress |
| 15:03 | Orc Burrow |
| 15:28 | Endurance Aura |
| 16:22 | Barracks |
| 16:47 | Tauren Totem |
| 17:04 | Grunt |
| 17:05 | Grunt |
| 17:05 | Grunt |
| Right click | 478 |
| Select | 155 |
| Build/train/purchase | 61 |
| Misc. action | 12 |
| Use ability | 5 |
| Assign group | 4 |
| Select group | 4 |
| Remove unit | 1 |


| Scroll of Regeneration | 1 | 100 |
| Scroll of Town Portal | 1 | 350 |
| total: | 2 | 450g |
| Peasant | 22 | 1650 | / | 0 |
| Rifleman | 11 | 2255 | / | 330 |
| Spell Breaker | 3 | 645 | / | 90 |
| Knight | 7 | 1715 | / | 420 |
| total: | 43 | 6265g | / | 840w |
| Scout Tower | 4 | 120 | / | 80 |
| Guard Tower | 3 | 210 | / | 150 |
| Farm | 10 | 800 | / | 200 |
| Barracks | 2 | 320 | / | 120 |
| Altar of Kings | 1 | 180 | / | 50 |
| Blacksmith | 1 | 140 | / | 60 |
| Lumber Mill | 1 | 120 | / | 0 |
| Arcane Vault | 2 | 260 | / | 60 |
| Town Hall | 1 | 385 | / | 205 |
| Arcane Sanctum | 2 | 300 | / | 280 |
| Workshop | 1 | 140 | / | 140 |
| Keep | 1 | 320 | / | 210 |
| Castle | 1 | 360 | / | 210 |
| total: | 25 | 2765g | / | 1195w |
| 0:06 | Peasant |
| 0:07 | Peasant |
| 0:08 | Peasant |
| 0:24 | Peasant |
| 0:38 | Farm |
| 0:44 | Barracks |
| 0:49 | Altar of Kings |
| 0:55 | Blacksmith |
| 1:04 | Peasant |
| 1:23 | Farm |
| 1:38 | Peasant |
| 2:01 | Farm |
| 2:03 | Peasant |
| 2:12 | Rifleman |
| 2:27 | Farm |
| 2:37 | Rifleman |
| 2:37 | Rifleman |
| 2:56 | Peasant |
| 3:00 | Summon Water Elemental |
| 3:05 | Rifleman |
| 3:12 | Peasant |
| 3:32 | Rifleman |
| 3:40 | Peasant |
| 3:49 | Lumber Mill |
| 3:59 | Peasant |
| 4:05 | Peasant |
| 4:05 | Peasant |
| 4:14 | Peasant |
| 4:14 | Peasant |
| 4:43 | Farm |
| 4:45 | Arcane Vault |
| 4:49 | Farm |
| 4:51 | Arcane Vault |
| 4:57 | Brilliance Aura |
| 5:01 | Keep |
| 5:34 | Rifleman |
| 5:36 | Summon Water Elemental |
| 5:56 | Town Hall |
| 6:05 | Black Gunpowder |
| 6:44 | Rifleman |
| 6:46 | Farm |
| 7:36 | Peasant |
| 7:36 | Peasant |
| 7:38 | Scout Tower |
| 7:39 | Scout Tower |
| 7:40 | Scout Tower |
| 7:41 | Scout Tower |
| 7:55 | Long Rifles |
| 8:21 | Castle |
| 8:23 | Guard Tower |
| 8:40 | Barracks |
| 8:56 | Brilliance Aura |
| 9:07 | Arcane Sanctum |
| 9:09 | Brilliance Aura |
| 9:11 | Holy Light |
| 9:15 | Scroll of Regeneration |
| 9:16 | Scroll of Town Portal |
| 9:20 | Rifleman |
| 9:23 | Arcane Sanctum |
| 9:28 | Guard Tower |
| 9:29 | Peasant |
| 9:38 | Improved Lumber Harvesting |
| 9:56 | Guard Tower |
| 10:11 | Farm |
| 10:13 | Farm |
| 10:21 | Rifleman |
| 10:25 | Peasant |
| 10:25 | Peasant |
| 10:25 | Peasant |
| 10:30 | Spell Breaker |
| 10:34 | Rifleman |
| 10:57 | Advanced Lumber Harvesting |
| 11:10 | Knight |
| 11:33 | Sundering Blades |
| 11:35 | Knight |
| 11:35 | Peasant |
| 11:42 | Farm |
| 11:54 | Iron Forged Swords |
| 12:29 | Knight |
| 12:31 | Animal War Training |
| 12:54 | Spell Breaker |
| 12:56 | Control Magic |
| 13:02 | Iron Plating |
| 13:28 | Workshop |
| 13:31 | Knight |
| 14:24 | Divine Shield |
| 14:58 | Knight |
| 14:58 | Knight |
| 15:20 | Spell Breaker |
| 15:22 | Steel Plating |
| 15:25 | Knight |
| 15:53 | Holy Light |
| 15:58 | Summon Water Elemental |
| 16:15 | Devotion Aura |
| 17:04 | Rifleman |
| Right click | 1102 |
| Select | 412 |
| Select group | 251 |
| Build/train/purchase | 108 |
| Assign group | 46 |
| Use ability | 22 |
| Minimap ping | 10 |
| Chat | 10 |
| Misc. action | 9 |
| Remove unit | 1 |
141 units @ 17.5k
/ 1.9k
104 buildings @ 10.2k
/ 4.6k


| Peasant | 36 | 2700 | / | 0 |
| Rifleman | 11 | 2255 | / | 330 |
| Gryphon Rider | 3 | 840 | / | 210 |
| total: | 50 | 5795g | / | 540w |
| Scout Tower | 12 | 360 | / | 240 |
| Guard Tower | 3 | 210 | / | 150 |
| Arcane Tower | 1 | 70 | / | 50 |
| Lumber Mill | 2 | 240 | / | 0 |
| Blacksmith | 1 | 140 | / | 60 |
| Barracks | 1 | 160 | / | 60 |
| Farm | 9 | 720 | / | 180 |
| Altar of Kings | 1 | 180 | / | 50 |
| Town Hall | 2 | 770 | / | 410 |
| Arcane Vault | 1 | 130 | / | 30 |
| Gryphon Aviary | 2 | 280 | / | 300 |
| Keep | 1 | 320 | / | 210 |
| Castle | 1 | 360 | / | 210 |
| total: | 31 | 2980g | / | 1330w |
| 0:01 | Peasant |
| 0:01 | Peasant |
| 0:12 | Peasant |
| 0:18 | Lumber Mill |
| 0:21 | Peasant |
| 0:42 | Peasant |
| 0:48 | Blacksmith |
| 0:59 | Peasant |
| 1:03 | Barracks |
| 1:09 | Peasant |
| 1:17 | Farm |
| 1:33 | Altar of Kings |
| 1:37 | Peasant |
| 1:47 | Farm |
| 2:05 | Rifleman |
| 2:20 | Farm |
| 2:23 | Rifleman |
| 2:32 | Farm |
| 2:54 | Rifleman |
| 3:02 | Peasant |
| 3:07 | Peasant |
| 3:14 | Peasant |
| 3:22 | Storm Bolt |
| 3:34 | Peasant |
| 3:46 | Peasant |
| 3:49 | Peasant |
| 4:22 | Peasant |
| 4:22 | Peasant |
| 4:23 | Peasant |
| 5:09 | Bash |
| 5:17 | Town Hall |
| 5:18 | Keep |
| 5:41 | Farm |
| 5:42 | Farm |
| 5:42 | Farm |
| 6:28 | Rifleman |
| 6:32 | Black Gunpowder |
| 7:03 | Rifleman |
| 7:45 | Long Rifles |
| 7:48 | Peasant |
| 7:48 | Peasant |
| 7:49 | Peasant |
| 8:45 | Storm Bolt |
| 8:49 | Siphon Mana |
| 9:06 | Town Hall |
| 9:10 | Scout Tower |
| 9:11 | Scout Tower |
| 9:13 | Scout Tower |
| 9:15 | Scout Tower |
| 9:17 | Scout Tower |
| 9:19 | Scout Tower |
| 9:33 | Rifleman |
| 10:01 | Rifleman |
| 10:03 | Guard Tower |
| 10:07 | Arcane Tower |
| 10:37 | Peasant |
| 10:37 | Peasant |
| 10:37 | Peasant |
| 10:37 | Peasant |
| 10:37 | Peasant |
| 11:00 | Scout Tower |
| 11:00 | Scout Tower |
| 11:01 | Scout Tower |
| 11:04 | Scout Tower |
| 11:05 | Castle |
| 11:06 | Improved Masonry |
| 11:29 | Guard Tower |
| 11:39 | Refined Gunpowder |
| 11:39 | Studded Leather Armor |
| 11:56 | Farm |
| 11:57 | Farm |
| 11:58 | Scout Tower |
| 11:58 | Scout Tower |
| 12:02 | Peasant |
| 12:02 | Peasant |
| 12:13 | Lumber Mill |
| 12:24 | Rifleman |
| 12:27 | Gryphon Aviary |
| 12:28 | Gryphon Aviary |
| 12:49 | Rifleman |
| 12:49 | Rifleman |
| 13:04 | Banish |
| 13:11 | Guard Tower |
| 13:16 | Arcane Vault |
| 13:37 | Peasant |
| 13:37 | Peasant |
| 14:29 | Rifleman |
| 14:31 | Gryphon Rider |
| 14:31 | Gryphon Rider |
| 14:48 | Thunder Clap |
| 14:59 | Peasant |
| 14:59 | Peasant |
| 14:59 | Peasant |
| 14:59 | Peasant |
| 14:59 | Peasant |
| 14:59 | Peasant |
| 15:00 | Peasant |
| 15:18 | Gryphon Rider |
| Select group | 1240 |
| Right click | 787 |
| Select | 213 |
| Misc. action | 95 |
| Build/train/purchase | 80 |
| Assign group | 62 |
| Use ability | 37 |
| Minimap ping | 2 |

| Boots of Speed | 1 | 250 |
| total: | 1 | 250g |
| Peasant | 15 | 1125 | / | 0 |
| Footman | 12 | 1620 | / | 0 |
| Mortar Team | 6 | 1080 | / | 420 |
| total: | 33 | 3825g | / | 420w |
| Scout Tower | 9 | 270 | / | 180 |
| Guard Tower | 5 | 350 | / | 250 |
| Altar of Kings | 1 | 180 | / | 50 |
| Farm | 11 | 880 | / | 220 |
| Lumber Mill | 1 | 120 | / | 0 |
| Barracks | 1 | 160 | / | 60 |
| Town Hall | 2 | 770 | / | 410 |
| Blacksmith | 1 | 140 | / | 60 |
| Workshop | 3 | 420 | / | 420 |
| Keep | 1 | 320 | / | 210 |
| Castle | 1 | 360 | / | 210 |
| total: | 29 | 2940g | / | 1400w |
| 0:02 | Peasant |
| 0:02 | Peasant |
| 0:08 | Altar of Kings |
| 0:12 | Farm |
| 0:22 | Peasant |
| 0:43 | Peasant |
| 0:58 | Peasant |
| 1:06 | Farm |
| 1:12 | Peasant |
| 1:21 | Peasant |
| 1:22 | Peasant |
| 1:25 | Lumber Mill |
| 1:28 | Peasant |
| 1:32 | Scout Tower |
| 1:35 | Peasant |
| 1:59 | Peasant |
| 2:05 | Summon Water Elemental |
| 2:15 | Barracks |
| 2:28 | Guard Tower |
| 2:33 | Peasant |
| 2:33 | Peasant |
| 3:26 | Keep |
| 4:45 | Brilliance Aura |
| 4:53 | Town Hall |
| 4:55 | Town Hall |
| 5:16 | Farm |
| 5:18 | Farm |
| 5:25 | Farm |
| 5:29 | Scout Tower |
| 5:30 | Scout Tower |
| 5:37 | Scout Tower |
| 5:38 | Scout Tower |
| 5:38 | Scout Tower |
| 5:49 | Castle |
| 6:07 | Guard Tower |
| 6:21 | Scout Tower |
| 6:22 | Scout Tower |
| 6:27 | Scout Tower |
| 6:48 | Footman |
| 6:48 | Footman |
| 6:48 | Footman |
| 6:49 | Guard Tower |
| 6:52 | Improved Lumber Harvesting |
| 6:56 | Blacksmith |
| 7:03 | Guard Tower |
| 7:24 | Footman |
| 7:24 | Footman |
| 7:32 | Summon Water Elemental |
| 7:32 | Brilliance Aura |
| 7:44 | Guard Tower |
| 7:45 | Footman |
| 8:10 | Defend |
| 8:13 | Black Gunpowder |
| 8:14 | Workshop |
| 8:18 | Peasant |
| 8:18 | Peasant |
| 9:21 | Footman |
| 9:21 | Footman |
| 9:40 | Summon Water Elemental |
| 10:14 | Footman |
| 10:14 | Footman |
| 10:28 | Fragmentation Shards |
| 10:28 | Mortar Team |
| 10:32 | Workshop |
| 10:33 | Advanced Lumber Harvesting |
| 10:33 | Improved Masonry |
| 10:37 | Workshop |
| 10:38 | Refined Gunpowder |
| 11:23 | Flare |
| 11:47 | Farm |
| 11:48 | Farm |
| 11:50 | Farm |
| 11:52 | Farm |
| 11:53 | Farm |
| 11:54 | Farm |
| 12:18 | Boots of Speed |
| 12:34 | Mortar Team |
| 12:34 | Mortar Team |
| 13:02 | Footman |
| 13:03 | Footman |
| 13:24 | Imbued Gunpowder |
| 15:58 | Mass Teleport |
| 16:33 | Mortar Team |
| 16:33 | Mortar Team |
| 16:34 | Mortar Team |
| Right click | 570 |
| Select | 379 |
| Select group | 215 |
| Build/train/purchase | 111 |
| Misc. action | 107 |
| Assign group | 13 |
| Use ability | 6 |
| Minimap ping | 5 |
| Item give/drop | 1 |


| Peasant | 24 | 1800 | / | 0 |
| Rifleman | 12 | 2460 | / | 360 |
| Gryphon Rider | 6 | 1680 | / | 420 |
| total: | 42 | 5940g | / | 780w |
| Scout Tower | 12 | 360 | / | 240 |
| Guard Tower | 4 | 280 | / | 200 |
| Farm | 11 | 880 | / | 220 |
| Blacksmith | 1 | 140 | / | 60 |
| Barracks | 1 | 160 | / | 60 |
| Altar of Kings | 1 | 180 | / | 50 |
| Town Hall | 1 | 385 | / | 205 |
| Lumber Mill | 1 | 120 | / | 0 |
| Arcane Vault | 1 | 130 | / | 30 |
| Gryphon Aviary | 3 | 420 | / | 450 |
| Keep | 1 | 320 | / | 210 |
| Castle | 1 | 360 | / | 210 |
| total: | 32 | 2775g | / | 1315w |
| 0:03 | Peasant |
| 0:03 | Peasant |
| 0:14 | Farm |
| 0:17 | Peasant |
| 0:19 | Peasant |
| 0:19 | Peasant |
| 0:19 | Peasant |
| 0:20 | Peasant |
| 0:40 | Blacksmith |
| 1:06 | Barracks |
| 1:20 | Farm |
| 1:31 | Farm |
| 1:39 | Altar of Kings |
| 1:48 | Peasant |
| 2:07 | Rifleman |
| 2:12 | Peasant |
| 2:26 | Rifleman |
| 2:31 | Peasant |
| 2:41 | Farm |
| 2:47 | Peasant |
| 3:08 | Rifleman |
| 3:17 | Peasant |
| 3:27 | Farm |
| 3:32 | Peasant |
| 3:49 | Peasant |
| 3:59 | Rifleman |
| 4:06 | Peasant |
| 4:12 | Storm Bolt |
| 4:46 | Town Hall |
| 4:56 | Thunder Clap |
| 5:48 | Keep |
| 5:49 | Rifleman |
| 6:47 | Rifleman |
| 7:07 | Rifleman |
| 7:11 | Storm Bolt |
| 7:42 | Rifleman |
| 7:46 | Studded Leather Armor |
| 7:46 | Iron Forged Swords |
| 8:47 | Rifleman |
| 8:49 | Castle |
| 9:02 | Thunder Clap |
| 9:19 | Farm |
| 9:23 | Lumber Mill |
| 9:26 | Arcane Vault |
| 9:36 | Rifleman |
| 9:36 | Rifleman |
| 10:00 | Rifleman |
| 10:01 | Reinforced Leather Armor |
| 10:25 | Farm |
| 10:26 | Farm |
| 10:27 | Farm |
| 10:29 | Scout Tower |
| 10:30 | Scout Tower |
| 10:31 | Scout Tower |
| 10:33 | Scout Tower |
| 10:33 | Scout Tower |
| 10:34 | Scout Tower |
| 10:36 | Scout Tower |
| 10:36 | Scout Tower |
| 10:39 | Improved Lumber Harvesting |
| 11:06 | Guard Tower |
| 11:09 | Scout Tower |
| 11:10 | Scout Tower |
| 11:11 | Scout Tower |
| 11:13 | Scout Tower |
| 11:26 | Guard Tower |
| 11:29 | Gryphon Aviary |
| 11:33 | Gryphon Aviary |
| 11:35 | Gryphon Aviary |
| 11:46 | Peasant |
| 11:46 | Peasant |
| 11:46 | Peasant |
| 11:46 | Peasant |
| 11:47 | Peasant |
| 11:47 | Peasant |
| 12:04 | Guard Tower |
| 12:06 | Peasant |
| 12:07 | Peasant |
| 12:07 | Peasant |
| 12:23 | Guard Tower |
| 13:17 | Farm |
| 13:41 | Gryphon Rider |
| 13:57 | Gryphon Rider |
| 14:04 | Gryphon Rider |
| 14:30 | Gryphon Rider |
| 14:35 | Holy Light |
| 15:00 | Gryphon Rider |
| 15:08 | Divine Shield |
| 15:11 | Gryphon Rider |
| 15:20 | Farm |
| Right click | 532 |
| Select | 301 |
| Build/train/purchase | 72 |
| Select group | 25 |
| Use ability | 15 |
| Assign group | 8 |
| Minimap ping | 4 |
| Chat | 4 |
| Misc. action | 1 |
| Remove unit | 1 |

| Peasant | 8 | 600 | / | 0 |
| Footman | 4 | 540 | / | 0 |
| Rifleman | 4 | 820 | / | 120 |
| total: | 16 | 1960g | / | 120w |
| Scout Tower | 2 | 60 | / | 40 |
| Guard Tower | 1 | 70 | / | 50 |
| Altar of Kings | 1 | 180 | / | 50 |
| Farm | 4 | 320 | / | 80 |
| Barracks | 2 | 320 | / | 120 |
| Blacksmith | 1 | 140 | / | 60 |
| Lumber Mill | 1 | 120 | / | 0 |
| Town Hall | 1 | 385 | / | 205 |
| Keep | 1 | 320 | / | 210 |
| total: | 12 | 1525g | / | 555w |
| 0:16 | Altar of Kings |
| 0:18 | Peasant |
| 0:25 | Peasant |
| 0:45 | Peasant |
| 0:53 | Farm |
| 0:57 | Peasant |
| 1:08 | Barracks |
| 1:13 | Barracks |
| 1:26 | Peasant |
| 1:32 | Farm |
| 1:42 | Peasant |
| 2:12 | Peasant |
| 2:18 | Footman |
| 2:30 | Footman |
| 2:45 | Blacksmith |
| 3:02 | Lumber Mill |
| 3:25 | Summon Water Elemental |
| 3:58 | Rifleman |
| 3:58 | Rifleman |
| 4:21 | Iron Forged Swords |
| 4:23 | Black Gunpowder |
| 4:28 | Keep |
| 4:36 | Farm |
| 4:37 | Farm |
| 5:08 | Scout Tower |
| 5:09 | Scout Tower |
| 6:04 | Rifleman |
| 6:04 | Rifleman |
| 6:41 | Blizzard |
| 7:11 | Guard Tower |
| 7:17 | Peasant |
| 7:55 | Town Hall |
| 8:23 | Summon Water Elemental |
| 9:47 | Footman |
| 9:48 | Footman |
| Right click | 135 |
| Select | 77 |
| Build/train/purchase | 29 |
| Misc. action | 4 |
| Use ability | 2 |
| Assign group | 1 |
| Remove unit | 1 |
| Select group | 1 |